 Dungeon Crawl Stone Soup version 0.28.0-45-g0d030f2227 (webtiles) character file.

Game seed: 6617231212416122417

56 GigaChad the Skirmisher (level 3, -7/34 HPs)
             Began as a Minotaur Fighter on Apr 14, 2022.
             Was a Follower of Sif Muna.
             Mangled by GigaChad's ghost (14 damage)
             ... on level 3 of the Dungeon.
             The game lasted 00:05:26 (1338 turns).

GigaChad the Skirmisher (Minotaur Fighter)          Turns: 1338, Time: 00:05:27

Health: -7/34      AC:  7    Str: 20    XL:     3   Next: 69%
Magic:  2/2        EV:  9    Int:  5    God:    Sif Muna [*.....]
Gold:   68         SH:  4    Dex: 11    Spells: 2/2 levels left

rFire   . . .      SeeInvis .   a - +0 long sword
rCold   . . .      Faith    .   c - +0 buckler
rNeg    . . .      Spirit   .   b - +0 scale mail
rPois   .          Reflect  .   (helmet restricted)
rElec   .          Harm     .   (no cloak)
rCorr   .          Rampage  .   (no gloves)
Will    .....                   (no boots)
Stlth   ..........              (no amulet)
HPRegen 0.11/turn               (no ring)
MPRegen 0.08/turn               (no ring)

@: no status effects
A: horns 2, retaliatory headbutt
a: Renounce Religion, Channel Magic


You were on level 3 of the Dungeon.
You worshipped Sif Muna.
Sif Muna was aware of your devotion.
You visited 1 branch of the dungeon, and saw 3 of its levels.

You collected 68 gold pieces.

Inventory:

Hand Weapons
 a - a +0 long sword (weapon)
Missiles
 h - 53 arrows
Armour
 b - a +0 scale mail (worn)
 c - a +0 buckler (worn)
Jewellery
 f - a ring of protection from cold
Scrolls
 g - a scroll of vulnerability {unknown}
 i - 4 scrolls of identify {unknown}
 j - a scroll of immolation {unknown}
 l - 3 scrolls of teleportation {unknown}
 o - a scroll of magic mapping {unknown}
Potions
 d - 2 potions of might
 e - a potion of ambrosia {unknown}
 k - 2 potions of heal wounds {unknown}
 m - a potion of lignification {unknown}
 n - a potion of brilliance {unknown}


   Skills:
 + Level 4.3 Fighting
 + Level 3.2 Long Blades
 + Level 4.1 Armour
 + Level 0.1 Dodging
 + Level 4.2 Shields


You had 2 spell levels left.
You didn't know any spells.
Your spell library was empty.

Dungeon Overview and Level Annotations

Branches:
Dungeon (3/15)

Altars:
Sif Muna

Shops:
D:2 [:[!

Annotations:
D:3 GigaChad's ghost, amateur MiFi


Innate Abilities, Weirdness & Mutations

You have a pair of horns on your head.
You reflexively headbutt those who attack you in melee.


Message History

You hit the dart slug.
You kill the dart slug!
Sif Muna accepts your kill.
Found a scroll labelled ODOXZI YHIEWA.
GigaChad's ghost turns its malevolent gaze towards you.
You open the door. GigaChad's ghost closely misses you.
You furiously retaliate!
You headbutt GigaChad's ghost!
There is an open translucent door here.
You hit GigaChad's ghost.
GigaChad's ghost is moderately damaged.
GigaChad's ghost hits you.
You barely miss GigaChad's ghost.
GigaChad's ghost is moderately damaged.
GigaChad's ghost hits you. GigaChad's ghost hits you!
You hit GigaChad's ghost. You headbutt GigaChad's ghost.
GigaChad's ghost is heavily damaged.
GigaChad's ghost hits you.
You hit GigaChad's ghost but do no damage.
GigaChad's ghost is heavily damaged.
You block GigaChad's ghost's attack.
You hit GigaChad's ghost. You headbutt GigaChad's ghost.
GigaChad's ghost is heavily damaged.
You block GigaChad's ghost's attack.
You closely miss GigaChad's ghost. You headbutt GigaChad's ghost.
GigaChad's ghost is heavily damaged.
GigaChad's ghost hits you. x2
You closely miss GigaChad's ghost.
GigaChad's ghost is heavily damaged.
GigaChad's ghost hits you.
* * * LOW HITPOINT WARNING * * *
You hit GigaChad's ghost.
GigaChad's ghost is severely damaged.
GigaChad's ghost hits you.
* * * LOW HITPOINT WARNING * * *
You hit GigaChad's ghost but do no damage.
You headbutt GigaChad's ghost!
GigaChad's ghost is almost destroyed.
GigaChad's ghost hits you!
You die...

#..............
#...........>..
#....^.<.......
#..............
#..............
#..>.....#.##.#
#.......#######
........#.....#
........@W≈≈≈?#
........#.....#
.......########
....... .......
....... .......
.......


You could see GigaChad's ghost.

Vanquished Creatures
  An adder (D:2)
  A worm (D:2)
  3 dart slugs
  3 ball pythons
  6 bats
  2 endoplasms (D:1)
  A giant cockroach (D:1)
  4 goblins
  6 hobgoblins
  3 jackals (D:2)
  2 kobolds
  3 rats
35 creatures vanquished.

Vanquished Creatures (others)
  4 fungi (D:2)
  3 plants (D:2)
7 creatures vanquished.

Grand Total: 42 creatures vanquished

Notes
Turn   | Place    | Note
-------+----------+-------------------------------------------
     0 | D:1      | GigaChad the Minotaur Fighter began the quest for the Orb.
     0 | D:1      | Reached XP level 1. HP: 19/19 MP: 0/0
     9 | D:1      | Noticed an ogre
   221 | D:1      | Reached XP level 2. HP: 27/27 MP: 1/1
   594 | D:2      | Found Puumos's Antique Armour Shop.
   676 | D:2      | Reached XP level 3. HP: 23/33 MP: 2/2
   837 | D:2      | Found a faded altar of an unknown god.
   856 | D:2      | Prayed at the altar of an unknown god.
   856 | D:2      | Became a worshipper of Sif Muna the Loreminder
   856 | D:2      | Reached * piety under Sif Muna
   891 | D:2      | Found Qaffiali's Distillery.
  1185 | D:2      | Found Dupy's Book Shop.
  1186 | D:2      | Found Ypukat's Armour Shoppe.
  1317 | D:3      | Found a runed translucent door.
  1325 | D:3      | Noticed GigaChad's ghost (amateur MiFi)
  1338 | D:3      | Mangled by GigaChad's ghost

Illustrated notes

Levels and vault maps discovered:
D:1:      evilmike_arrival_come_back, layout_rooms
D:2:      layout_loops_ring, shapermc_ecumenical_altar_mp_ritualfount,
          serial_shops, nicolae_shop_behind_doors,
          nicolae_shop_temple_entry_statues_fountains, shop,
          nicolae_shop_competitors_out_of_business, shop, minmay_rat_hole,
          uniq_crazy_yiuf_cottage, uniq_jessica
D:3:      gammafunk_wand_slinger, layout_rooms, ebering_ghost_reflecting_pool,
          serial_shops, shop, chequers_serial_rivers_small_b

Skill      XL: |  1  2  3 |
---------------+----------+-----
Shields        | 4 |  4.2
Armour         | 4 |  4.1
Long Blades    | 3 |  3.2
Fighting       | 4 |  4.3
Dodging        | |  0.1

Action                   || total
-------------------------++-------
Melee: Long sword        ||    86
       Headbutt          ||    15
Armor: Scale mail        ||    54
Dodge: Dodged            ||    44
Block: Buckler           ||    25
